[ PARTIDA AOE2 · #466041843 ]
UnrankedHunos vs Romans
Equipo del jugador · DERR
[ ANÁLISIS DE REPETICIÓN · EXTRAÍDO DE LA PARTIDA GRABADA ]
Feudal
12:53
Castillos
29:13
Imperial
35:51
| APM promedio | 54.8 |
| APM pico | 80 |
| eAPM promedio | 32.5 |
| Aldeanos / militares | 83 / 60 |
Foco
⚔️ 50.7% · 🌾 49.3%
Demolition Raft ×26 · Galley ×15 · Archer ×12 · Fishing Ship ×11 · Fire Galley ×7 · Unknown (2626) ×5
Feudal
15:25
Castillos
19:44
Imperial
—
| APM promedio | 44.4 |
| APM pico | 70 |
| eAPM promedio | 27.9 |
| Aldeanos / militares | 137 / 13 |
Foco
⚔️ 25.8% · 🌾 74.2%
Unknown (2550) ×57 · Spearman ×10 · Fishing Ship ×9 · Scorpion ×1 · Battering Ram ×1 · Unknown (2626) ×1
Feudal
12:34
Castillos
20:39
Imperial
39:43
| APM promedio | 34.7 |
| APM pico | 61 |
| eAPM promedio | 22.7 |
| Aldeanos / militares | 132 / 97 |
Foco
⚔️ 31.3% · 🌾 68.7%
Centurion ×80 · Unknown (2626) ×48 · Fishing Ship ×19 · Fire Galley ×15 · Trade Cart ×3 · Transport Ship ×2
Feudal
13:23
Castillos
18:23
Imperial
—
| APM promedio | 49.7 |
| APM pico | 91 |
| eAPM promedio | 27.2 |
| Aldeanos / militares | 152 / 88 |
Foco
⚔️ 28.4% · 🌾 71.6%
Skirmisher ×41 · Ratha (Ranged) ×26 · Elephant Archer ×21 · Fishing Ship ×7
Feudal
13:11
Castillos
16:53
Imperial
—
| APM promedio | 45.3 |
| APM pico | 68 |
| eAPM promedio | 23.6 |
| Aldeanos / militares | 137 / 106 |
Foco
⚔️ 27.9% · 🌾 72.1%
Cavalry Archer ×92 · Fishing Ship ×11 · Knight ×4 · Mangonel ×4 · Scout Cavalry ×4 · Unknown (2626) ×4
Feudal
13:53
Castillos
19:53
Imperial
35:27
| APM promedio | 32.8 |
| APM pico | 86 |
| eAPM promedio | 15.5 |
| Aldeanos / militares | 77 / 80 |
Foco
⚔️ 33.6% · 🌾 66.4%
Archer ×73 · Fishing Ship ×12 · Bombard Cannon ×7
Mapa de la partida
Recursos iniciales + cada clic de construcción. Líneas = muros · curvas = relieve. ◆ oro · ⬟ piedra · ● bayas · ✦ reliquia · ◌ hueco del cierre
Inputs por minuto
— Pinheads | Knolte - - Pinheads | ElQueManejaLaCombi
Build order — Pinheads | Knolte
Primeras 150 de 233 acciones detectadas
| 0:29 | Construir | Town Center |
| 2:49 | Crear | Villager (Male) |
| 2:50 | Crear | Villager (Male) |
| 3:04 | Crear | Villager (Male) |
| 3:13 | Crear | Villager (Male) |
| 4:17 | Crear | Villager (Male) |
| 4:17 | Crear | Villager (Male) |
| 4:41 | Construir | Dock |
| 4:45 | Crear | Villager (Male) |
| 4:46 | Crear | Villager (Male) |
| 5:13 | Crear | Villager (Male) |
| 5:40 | Crear | Fishing Ship |
| 5:49 | Crear | Villager (Male) |
| 5:49 | Crear | Villager (Male) |
| 6:11 | Investigar | Loom |
| 6:32 | Crear | Fishing Ship |
| 6:32 | Crear | Fishing Ship |
| 6:44 | Crear | Villager (Male) |
| 6:44 | Crear | Villager (Male) |
| 7:06 | Crear | Villager (Male) |
| 7:06 | Crear | Villager (Male) |
| 7:13 | Crear | Fishing Ship |
| 7:30 | Crear | Villager (Male) |
| 7:31 | Crear | Villager (Male) |
| 7:39 | Crear | Fishing Ship |
| 7:54 | Crear | Villager (Male) |
| 8:09 | Crear | Villager (Male) |
| 8:15 | Crear | Fishing Ship |
| 8:16 | Crear | Fishing Ship |
| 8:45 | Crear | Villager (Male) |
| 8:52 | Crear | Villager (Male) |
| 8:55 | Crear | Fishing Ship |
| 9:39 | Crear | Villager (Male) |
| 9:46 | Crear | Fishing Ship |
| 10:11 | Crear | Villager (Male) |
| 10:24 | Construir | Lumber Camp |
| 10:43 | Investigar | Feudal Age |
| 10:43 | Investigar | Feudal Age |
| 11:49 | Construir | Barracks |
| 12:20 | Construir | Palisade Wall |
| 12:23 | Construir | Palisade Wall |
| 12:24 | Construir | Palisade Wall |
| 12:53 | Edad | Edad Feudal |
| 12:55 | Construir | Archery Range |
| 12:56 | Crear | Villager (Male) |
| 12:59 | Crear | Fishing Ship |
| 13:09 | Construir | Archery Range |
| 13:22 | Crear | Villager (Male) |
| 13:46 | Crear | Villager (Male) |
| 13:50 | Crear | Archer |
| 14:04 | Construir | Blacksmith |
| 14:14 | Crear | Villager (Male) |
| 14:15 | Crear | Fire Galley |
| 14:17 | Crear | Unit 2626 |
| 14:25 | Crear | Archer |
| 14:26 | Crear | Archer |
| 14:27 | Crear | Archer |
| 14:30 | Crear | Villager (Male) |
| 14:47 | Investigar | Fletching |
| 14:47 | Investigar | Fletching |
| 14:56 | Crear | Archer |
| 14:56 | Crear | Archer |
| 15:08 | Construir | Watch Tower |
| 15:13 | Crear | Villager (Male) |
| 15:23 | Crear | Unit 2626 |
| 15:26 | Crear | Villager (Male) |
| 15:44 | Crear | Unit 2626 |
| 15:50 | Crear | Archer |
| 15:50 | Crear | Archer |
| 15:59 | Crear | Villager (Male) |
| 16:33 | Crear | Villager (Male) |
| 16:33 | Crear | Villager (Male) |
| 16:43 | Crear | Villager (Male) |
| 16:56 | Construir | Mill |
| 17:06 | Crear | Archer |
| 17:06 | Crear | Archer |
| 18:10 | Crear | Archer |
| 18:10 | Crear | Archer |
| 18:18 | Crear | Villager (Male) |
| 18:21 | Crear | Villager (Male) |
| 18:41 | Crear | Villager (Male) |
| 19:11 | Construir | Market |
| 19:15 | Crear | Demolition Raft |
| 19:15 | Crear | Fishing Ship |
| 19:31 | Crear | Villager (Male) |
| 19:51 | Crear | Villager (Male) |
| 19:56 | Crear | Unit 2626 |
| 20:09 | Crear | Villager (Male) |
| 20:24 | Crear | Villager (Male) |
| 20:30 | Construir | Palisade Wall |
| 20:50 | Crear | Villager (Male) |
| 21:37 | Crear | Villager (Male) |
| 21:43 | Construir | Farm |
| 21:44 | Construir | Farm |
| 21:44 | Construir | Farm |
| 21:46 | Construir | Farm |
| 21:47 | Construir | Farm |
| 21:48 | Construir | Farm |
| 21:48 | Construir | Farm |
| 21:49 | Construir | Farm |
| 21:49 | Construir | Mill |
| 21:50 | Construir | Farm |
| 21:51 | Construir | Farm |
| 21:51 | Construir | Farm |
| 21:52 | Investigar | Horse Collar |
| 22:04 | Crear | Villager (Male) |
| 22:15 | Crear | Villager (Male) |
| 22:25 | Construir | Farm |
| 22:26 | Crear | Villager (Male) |
| 22:28 | Construir | Lumber Camp |
| 22:29 | Construir | Farm |
| 22:30 | Construir | Farm |
| 22:30 | Crear | Villager (Male) |
| 22:54 | Construir | Farm |
| 22:57 | Crear | Villager (Male) |
| 23:10 | Crear | Demolition Raft |
| 23:10 | Crear | Villager (Male) |
| 23:29 | Crear | Villager (Male) |
| 23:38 | Crear | Villager (Male) |
| 23:41 | Crear | Villager (Male) |
| 23:46 | Construir | Dock |
| 23:53 | Crear | Demolition Raft |
| 24:08 | Investigar | Wheelbarrow |
| 24:23 | Crear | Villager (Male) |
| 24:41 | Crear | Demolition Raft |
| 24:43 | Crear | Demolition Raft |
| 25:46 | Crear | Demolition Raft |
| 26:04 | Crear | Villager (Male) |
| 26:31 | Investigar | Tech 906 |
| 26:33 | Investigar | Castle Age |
| 26:34 | Investigar | Castle Age |
| 26:35 | Crear | Fire Galley |
| 26:39 | Crear | Unit 2626 |
| 26:45 | Construir | Dock |
| 26:56 | Construir | Palisade Wall |
| 26:58 | Crear | Demolition Raft |
| 27:14 | Construir | Mining Camp |
| 27:27 | Crear | Villager (Male) |
| 27:37 | Construir | Dock |
| 27:43 | Construir | Palisade Wall |
| 27:46 | Crear | Demolition Raft |
| 27:47 | Crear | Demolition Raft |
| 27:50 | Crear | Demolition Raft |
| 28:02 | Construir | Building 796 |
| 28:06 | Construir | Palisade Wall |
| 28:23 | Crear | Galley |
| 28:24 | Crear | Galley |
| 28:24 | Crear | Galley |
| 28:24 | Crear | Galley |
| 29:11 | Construir | Palisade Wall |
Build order — Pinheads | ElQueManejaLaCombi
Primeras 150 de 317 acciones detectadas
| 0:35 | Construir | Town Center |
| 0:49 | Construir | Dock |
| 2:38 | Construir | House |
| 2:39 | Crear | Villager (Male) |
| 2:39 | Crear | Villager (Male) |
| 2:40 | Crear | Villager (Male) |
| 2:40 | Crear | Villager (Male) |
| 3:28 | Crear | Villager (Male) |
| 3:29 | Crear | Villager (Male) |
| 4:08 | Crear | Fishing Ship |
| 4:33 | Crear | Villager (Male) |
| 4:33 | Crear | Villager (Male) |
| 4:53 | Construir | House |
| 5:15 | Crear | Villager (Male) |
| 5:15 | Crear | Villager (Male) |
| 5:41 | Crear | Fishing Ship |
| 5:50 | Crear | Villager (Male) |
| 6:10 | Crear | Fishing Ship |
| 6:10 | Crear | Fishing Ship |
| 6:15 | Crear | Villager (Male) |
| 6:16 | Crear | Villager (Male) |
| 6:23 | Construir | House |
| 6:43 | Crear | Villager (Male) |
| 6:57 | Crear | Fishing Ship |
| 7:15 | Crear | Villager (Male) |
| 7:16 | Crear | Villager (Male) |
| 7:49 | Crear | Villager (Male) |
| 7:51 | Construir | Barracks |
| 7:53 | Crear | Villager (Male) |
| 7:54 | Crear | Villager (Male) |
| 8:01 | Construir | House |
| 8:13 | Crear | Villager (Male) |
| 8:20 | Crear | Fishing Ship |
| 8:33 | Crear | Villager (Male) |
| 8:33 | Crear | Villager (Male) |
| 8:46 | Construir | House |
| 8:50 | Crear | Unit 2550 |
| 8:51 | Crear | Unit 2550 |
| 8:55 | Crear | Villager (Male) |
| 8:56 | Crear | Villager (Male) |
| 9:21 | Crear | Fishing Ship |
| 9:24 | Crear | Villager (Male) |
| 9:25 | Crear | Villager (Male) |
| 9:35 | Construir | House |
| 9:55 | Crear | Villager (Male) |
| 9:59 | Crear | Villager (Male) |
| 9:59 | Crear | Villager (Male) |
| 10:05 | Crear | Villager (Male) |
| 10:12 | Crear | Fishing Ship |
| 10:23 | Crear | Villager (Male) |
| 10:44 | Crear | Unit 2550 |
| 10:54 | Construir | Settlement |
| 10:59 | Crear | Villager (Male) |
| 11:13 | Crear | Unit 2550 |
| 11:19 | Crear | Villager (Male) |
| 11:30 | Construir | Outpost |
| 11:32 | Crear | Unit 2550 |
| 11:41 | Crear | Villager (Male) |
| 11:57 | Crear | Villager (Male) |
| 12:11 | Construir | House |
| 12:31 | Investigar | Loom |
| 13:00 | Investigar | Feudal Age |
| 13:14 | Crear | Unit 2550 |
| 13:30 | Construir | Barracks |
| 13:32 | Crear | Villager (Male) |
| 13:47 | Crear | Unit 2550 |
| 14:03 | Crear | Unit 2550 |
| 14:28 | Crear | Unit 2550 |
| 14:47 | Crear | Fishing Ship |
| 14:49 | Crear | Unit 2550 |
| 15:14 | Crear | Unit 2550 |
| 15:24 | Crear | Villager (Male) |
| 15:25 | Edad | Edad Feudal |
| 15:31 | Construir | Market |
| 15:33 | Construir | Blacksmith |
| 16:25 | Construir | Farm |
| 16:26 | Construir | Farm |
| 17:04 | Investigar | Castle Age |
| 17:05 | Investigar | Castle Age |
| 17:06 | Crear | Unit 2550 |
| 17:21 | Construir | House |
| 17:25 | Crear | Villager (Male) |
| 17:37 | Investigar | Tech 1402 |
| 17:43 | Crear | Spearman |
| 17:56 | Crear | Unit 2626 |
| 18:11 | Crear | Unit 2550 |
| 18:15 | Construir | House |
| 18:17 | Construir | House |
| 18:39 | Investigar | Scale Mail Armor |
| 18:48 | Construir | Farm |
| 18:48 | Crear | Unit 2550 |
| 18:50 | Construir | House |
| 18:56 | Crear | Spearman |
| 18:59 | Crear | Spearman |
| 19:06 | Crear | Spearman |
| 19:11 | Construir | House |
| 19:12 | Construir | Palisade Wall |
| 19:29 | Construir | House |
| 19:32 | Construir | Palisade Wall |
| 19:39 | Crear | Spearman |
| 19:44 | Edad | Edad de los Castillos |
| 19:52 | Investigar | Pikeman (upgrade) |
| 19:53 | Investigar | Pikeman (upgrade) |
| 20:33 | Construir | Farm |
| 20:52 | Crear | Spearman |
| 20:59 | Construir | Farm |
| 21:16 | Crear | Spearman |
| 21:17 | Crear | Spearman |
| 21:29 | Construir | Farm |
| 21:37 | Construir | House |
| 21:48 | Crear | Spearman |
| 22:20 | Crear | Villager (Male) |
| 22:33 | Crear | Villager (Male) |
| 22:34 | Crear | Villager (Male) |
| 22:36 | Construir | Settlement |
| 22:39 | Construir | Farm |
| 22:41 | Crear | Spearman |
| 22:44 | Crear | Unit 2550 |
| 22:45 | Crear | Unit 2550 |
| 22:45 | Crear | Unit 2550 |
| 22:55 | Crear | Unit 2550 |
| 22:55 | Crear | Unit 2550 |
| 23:06 | Crear | Villager (Male) |
| 23:11 | Investigar | Tech 1351 |
| 23:19 | Crear | Villager (Male) |
| 23:19 | Crear | Villager (Male) |
| 23:46 | Crear | Villager (Male) |
| 23:48 | Construir | Farm |
| 24:05 | Crear | Villager (Male) |
| 24:26 | Crear | Unit 2550 |
| 24:27 | Crear | Unit 2550 |
| 24:52 | Construir | Siege Workshop |
| 24:55 | Crear | Unit 2550 |
| 24:55 | Crear | Unit 2550 |
| 24:55 | Crear | Unit 2550 |
| 25:14 | Crear | Unit 2550 |
| 25:14 | Crear | Unit 2550 |
| 25:26 | Crear | Villager (Male) |
| 25:26 | Crear | Villager (Male) |
| 25:33 | Crear | Villager (Male) |
| 25:33 | Crear | Villager (Male) |
| 25:44 | Crear | Battering Ram |
| 25:51 | Crear | Villager (Male) |
| 25:51 | Crear | Villager (Male) |
| 25:56 | Investigar | Double-Bit Axe |
| 26:19 | Crear | Unit 2550 |
| 26:19 | Crear | Unit 2550 |
| 26:32 | Crear | Unit 2550 |
| 27:02 | Crear | Unit 2550 |
| 27:04 | Crear | Scorpion |
Build order — AOKI_Baobab
Primeras 150 de 443 acciones detectadas
| 0:04 | Construir | Town Center |
| 0:20 | Construir | Dock |
| 0:22 | Construir | House |
| 1:54 | Construir | Palisade Wall |
| 1:58 | Construir | Palisade Wall |
| 2:25 | Crear | Villager (Male) |
| 2:25 | Crear | Villager (Male) |
| 2:25 | Crear | Villager (Male) |
| 2:43 | Crear | Villager (Male) |
| 3:25 | Crear | Villager (Male) |
| 3:43 | Crear | Fishing Ship |
| 4:10 | Construir | House |
| 4:26 | Investigar | Loom |
| 4:43 | Crear | Villager (Male) |
| 4:58 | Crear | Fishing Ship |
| 5:23 | Crear | Villager (Male) |
| 5:23 | Crear | Villager (Male) |
| 5:46 | Crear | Fishing Ship |
| 5:49 | Crear | Villager (Male) |
| 5:49 | Crear | Villager (Male) |
| 6:00 | Construir | House |
| 6:12 | Crear | Villager (Male) |
| 6:13 | Crear | Villager (Male) |
| 6:26 | Crear | Villager (Male) |
| 6:47 | Construir | House |
| 6:52 | Crear | Fishing Ship |
| 6:54 | Crear | Villager (Male) |
| 6:55 | Crear | Villager (Male) |
| 7:23 | Crear | Fishing Ship |
| 7:35 | Crear | Villager (Male) |
| 7:44 | Crear | Villager (Male) |
| 8:07 | Crear | Fishing Ship |
| 8:21 | Crear | Villager (Male) |
| 8:34 | Crear | Villager (Male) |
| 8:46 | Construir | House |
| 8:47 | Crear | Villager (Male) |
| 9:15 | Crear | Villager (Male) |
| 9:20 | Construir | Lumber Camp |
| 10:10 | Investigar | Feudal Age |
| 10:20 | Construir | Dock |
| 11:03 | Construir | Mining Camp |
| 11:07 | Construir | House |
| 12:09 | Construir | Dock |
| 12:22 | Crear | Villager (Male) |
| 12:22 | Crear | Villager (Male) |
| 12:24 | Crear | Villager (Male) |
| 12:34 | Edad | Edad Feudal |
| 12:35 | Investigar | Double-Bit Axe |
| 12:35 | Investigar | Double-Bit Axe |
| 12:38 | Crear | Unit 2626 |
| 12:39 | Crear | Unit 2626 |
| 12:42 | Crear | Villager (Male) |
| 12:47 | Investigar | Town Watch |
| 12:58 | Crear | Unit 2626 |
| 13:05 | Crear | Villager (Male) |
| 13:23 | Construir | House |
| 13:27 | Crear | Villager (Male) |
| 13:33 | Crear | Unit 2626 |
| 13:39 | Crear | Fire Galley |
| 13:46 | Crear | Villager (Male) |
| 13:51 | Crear | Unit 2626 |
| 13:54 | Crear | Unit 2626 |
| 13:57 | Crear | Villager (Male) |
| 14:11 | Crear | Unit 2626 |
| 14:21 | Crear | Villager (Male) |
| 14:25 | Construir | House |
| 14:53 | Crear | Unit 2626 |
| 14:54 | Crear | Unit 2626 |
| 15:04 | Crear | Villager (Male) |
| 15:05 | Construir | House |
| 15:15 | Crear | Unit 2626 |
| 15:25 | Crear | Villager (Male) |
| 15:37 | Construir | Mill |
| 15:58 | Crear | Unit 2626 |
| 16:05 | Construir | House |
| 16:39 | Crear | Villager (Male) |
| 16:42 | Construir | Market |
| 16:54 | Crear | Villager (Male) |
| 17:04 | Construir | Blacksmith |
| 17:18 | Crear | Villager (Male) |
| 17:34 | Crear | Fishing Ship |
| 17:40 | Crear | Villager (Male) |
| 17:50 | Investigar | Castle Age |
| 17:57 | Investigar | Gold Mining |
| 18:40 | Crear | Unit 2626 |
| 18:40 | Crear | Unit 2626 |
| 18:40 | Crear | Unit 2626 |
| 18:58 | Construir | House |
| 19:12 | Investigar | Stone Mining |
| 19:12 | Investigar | Stone Mining |
| 19:38 | Construir | Dock |
| 20:31 | Crear | Unit 2626 |
| 20:39 | Edad | Edad de los Castillos |
| 20:42 | Investigar | War Galley (upgrade) |
| 20:51 | Crear | Unit 2626 |
| 20:54 | Crear | Villager (Male) |
| 20:54 | Crear | Villager (Male) |
| 20:55 | Crear | Villager (Male) |
| 21:00 | Construir | Town Center |
| 21:13 | Investigar | Bow Saw |
| 21:23 | Crear | Fishing Ship |
| 21:25 | Crear | Villager (Male) |
| 21:35 | Crear | Unit 2626 |
| 21:35 | Crear | Unit 2626 |
| 21:40 | Crear | Villager (Male) |
| 21:52 | Crear | Villager (Male) |
| 22:03 | Investigar | Forging |
| 22:08 | Crear | Villager (Male) |
| 22:09 | Crear | Villager (Male) |
| 22:34 | Crear | Villager (Male) |
| 22:41 | Construir | Town Center |
| 22:47 | Crear | Fishing Ship |
| 22:47 | Crear | Fishing Ship |
| 22:48 | Crear | Fishing Ship |
| 22:48 | Crear | Fishing Ship |
| 22:54 | Crear | Villager (Male) |
| 22:56 | Crear | Villager (Male) |
| 22:59 | Construir | Farm |
| 23:01 | Crear | Villager (Male) |
| 23:11 | Construir | House |
| 23:13 | Construir | Farm |
| 23:20 | Crear | Fishing Ship |
| 23:41 | Crear | Villager (Male) |
| 23:46 | Crear | Villager (Male) |
| 23:47 | Construir | Farm |
| 23:50 | Construir | Farm |
| 24:01 | Construir | Castle |
| 24:02 | Crear | Villager (Male) |
| 24:03 | Crear | Villager (Male) |
| 24:10 | Crear | Unit 2626 |
| 24:10 | Crear | Unit 2626 |
| 24:14 | Crear | Unit 2626 |
| 24:18 | Crear | Villager (Male) |
| 24:18 | Crear | Villager (Male) |
| 24:18 | Crear | Villager (Male) |
| 24:19 | Crear | Villager (Male) |
| 24:29 | Construir | Dock |
| 24:31 | Crear | Fishing Ship |
| 24:31 | Crear | Fishing Ship |
| 24:33 | Crear | Villager (Male) |
| 24:38 | Construir | House |
| 24:38 | Construir | House |
| 24:41 | Construir | Farm |
| 24:43 | Construir | Farm |
| 24:49 | Investigar | Scale Barding Armor |
| 24:57 | Investigar | Tech 906 |
| 24:58 | Crear | Fishing Ship |
| 24:59 | Crear | Fishing Ship |
| 25:28 | Construir | Mining Camp |
| 25:29 | Crear | Centurion |
Build order — Pinheads | peke
Primeras 150 de 403 acciones detectadas
| 0:48 | Construir | Town Center |
| 0:56 | Construir | Dock |
| 1:31 | Construir | House |
| 1:37 | Construir | Palisade Wall |
| 1:38 | Construir | Palisade Wall |
| 1:40 | Construir | Palisade Wall |
| 2:52 | Crear | Villager (Male) ×4 |
| 2:52 | Crear | Villager (Male) ×4 |
| 3:31 | Construir | Palisade Wall |
| 3:48 | Crear | Villager (Male) |
| 3:48 | Crear | Villager (Male) |
| 4:17 | Construir | House |
| 4:55 | Crear | Villager (Male) |
| 4:55 | Crear | Villager (Male) |
| 4:55 | Crear | Villager (Male) |
| 4:56 | Crear | Fishing Ship |
| 5:27 | Crear | Villager (Male) |
| 5:27 | Crear | Villager (Male) |
| 5:53 | Crear | Fishing Ship |
| 5:53 | Crear | Fishing Ship |
| 5:54 | Crear | Villager (Male) |
| 5:55 | Crear | Villager (Male) |
| 6:16 | Crear | Villager (Male) |
| 6:16 | Crear | Villager (Male) |
| 6:24 | Construir | House |
| 6:31 | Crear | Villager (Male) |
| 6:31 | Crear | Villager (Male) |
| 7:02 | Crear | Villager (Male) |
| 7:02 | Crear | Villager (Male) |
| 7:03 | Crear | Fishing Ship |
| 7:17 | Investigar | Loom |
| 7:33 | Crear | Villager (Male) |
| 7:40 | Construir | House |
| 7:42 | Crear | Fishing Ship |
| 8:01 | Crear | Villager (Male) |
| 8:16 | Crear | Villager (Male) |
| 8:16 | Crear | Villager (Male) |
| 8:23 | Crear | Fishing Ship |
| 8:34 | Crear | Villager (Male) |
| 8:42 | Construir | Palisade Wall |
| 8:45 | Construir | Palisade Wall |
| 8:51 | Construir | Palisade Wall |
| 8:57 | Construir | Palisade Wall |
| 9:01 | Crear | Fishing Ship |
| 9:02 | Crear | Villager (Male) |
| 9:22 | Construir | Mill |
| 9:56 | Crear | Villager (Male) |
| 10:08 | Construir | House |
| 10:14 | Crear | Villager (Male) |
| 10:59 | Construir | House |
| 11:05 | Investigar | Feudal Age |
| 11:18 | Construir | Mining Camp |
| 11:43 | Construir | Outpost |
| 12:05 | Construir | Outpost |
| 12:33 | Construir | Palisade Wall |
| 12:34 | Construir | Palisade Wall |
| 12:36 | Construir | Palisade Wall |
| 13:03 | Crear | Villager (Male) |
| 13:03 | Crear | Villager (Male) |
| 13:23 | Edad | Edad Feudal |
| 13:29 | Construir | Market |
| 13:32 | Construir | Blacksmith |
| 14:26 | Construir | House |
| 14:28 | Investigar | Wheelbarrow |
| 14:38 | Investigar | Castle Age |
| 15:14 | Construir | House |
| 15:56 | Construir | Watch Tower |
| 16:08 | Construir | House |
| 16:53 | Construir | House |
| 17:40 | Crear | Villager (Male) |
| 17:42 | Construir | House |
| 17:47 | Construir | Lumber Camp |
| 17:59 | Construir | House |
| 18:23 | Edad | Edad de los Castillos |
| 18:26 | Construir | Castle |
| 18:28 | Investigar | Fletching |
| 18:38 | Crear | Villager (Male) |
| 18:55 | Construir | Lumber Camp |
| 19:14 | Investigar | Bodkin Arrow |
| 19:16 | Crear | Ratha (Ranged) |
| 19:54 | Crear | Ratha (Ranged) |
| 19:57 | Crear | Villager (Male) |
| 20:01 | Construir | Farm |
| 20:23 | Crear | Ratha (Ranged) |
| 20:31 | Construir | Farm |
| 20:43 | Crear | Villager (Male) |
| 21:04 | Crear | Ratha (Ranged) |
| 21:13 | Crear | Villager (Male) |
| 21:17 | Crear | Ratha (Ranged) |
| 21:31 | Crear | Villager (Male) |
| 21:31 | Crear | Villager (Male) |
| 21:40 | Construir | Farm |
| 21:41 | Construir | Farm |
| 21:42 | Construir | Farm |
| 21:52 | Crear | Ratha (Ranged) |
| 22:04 | Crear | Ratha (Ranged) |
| 22:06 | Crear | Villager (Male) |
| 22:31 | Crear | Villager (Male) |
| 22:32 | Crear | Villager (Male) |
| 22:47 | Crear | Villager (Male) |
| 22:54 | Crear | Ratha (Ranged) |
| 23:00 | Crear | Villager (Male) |
| 23:26 | Construir | Town Center |
| 23:34 | Crear | Villager (Male) |
| 23:36 | Crear | Villager (Male) |
| 23:36 | Crear | Villager (Male) |
| 23:42 | Crear | Ratha (Ranged) |
| 24:00 | Crear | Villager (Male) |
| 24:00 | Crear | Villager (Male) |
| 24:09 | Crear | Villager (Male) |
| 24:09 | Crear | Villager (Male) |
| 24:23 | Crear | Villager (Male) |
| 24:37 | Construir | Farm |
| 24:38 | Construir | Farm |
| 24:39 | Construir | Farm |
| 24:44 | Investigar | Horse Collar |
| 24:44 | Investigar | Horse Collar |
| 24:47 | Crear | Ratha (Ranged) |
| 24:57 | Crear | Villager (Male) |
| 24:57 | Crear | Villager (Male) |
| 25:11 | Crear | Ratha (Ranged) |
| 25:16 | Crear | Villager (Male) |
| 25:22 | Investigar | Padded Archer Armor |
| 25:23 | Investigar | Padded Archer Armor |
| 25:28 | Construir | Farm |
| 25:29 | Construir | Farm |
| 25:30 | Crear | Villager (Male) |
| 25:31 | Crear | Villager (Male) |
| 25:33 | Crear | Ratha (Ranged) |
| 25:43 | Crear | Villager (Male) |
| 25:43 | Crear | Villager (Male) |
| 25:46 | Crear | Villager (Male) |
| 25:50 | Crear | Villager (Male) |
| 25:50 | Crear | Villager (Male) |
| 25:52 | Construir | Farm |
| 26:07 | Crear | Ratha (Ranged) |
| 26:10 | Crear | Ratha (Ranged) |
| 26:19 | Crear | Villager (Male) |
| 26:22 | Investigar | Town Watch |
| 26:26 | Crear | Villager (Male) |
| 26:33 | Crear | Villager (Male) |
| 26:40 | Crear | Ratha (Ranged) |
| 26:56 | Crear | Villager (Male) |
| 27:04 | Crear | Villager (Male) |
| 27:06 | Crear | Villager (Male) |
| 27:17 | Construir | Town Center |
| 27:18 | Crear | Villager (Male) |
| 27:30 | Crear | Ratha (Ranged) |
| 27:31 | Crear | Villager (Male) |
| 27:31 | Crear | Villager (Male) |
Build order — AOKI_Yo
Primeras 150 de 337 acciones detectadas
| 0:11 | Construir | Town Center |
| 0:40 | Construir | Dock |
| 1:48 | Construir | House |
| 2:27 | Crear | Villager (Male) |
| 2:28 | Crear | Villager (Male) |
| 2:28 | Crear | Villager (Male) |
| 2:29 | Crear | Villager (Male) |
| 3:17 | Crear | Villager (Male) |
| 3:29 | Construir | House |
| 4:06 | Construir | House |
| 4:32 | Crear | Villager (Male) |
| 4:52 | Crear | Fishing Ship |
| 4:52 | Crear | Fishing Ship |
| 4:56 | Crear | Villager (Male) |
| 4:56 | Crear | Villager (Male) |
| 5:26 | Crear | Villager (Male) |
| 5:50 | Crear | Villager (Male) |
| 5:50 | Crear | Villager (Male) |
| 5:58 | Construir | House |
| 6:02 | Crear | Fishing Ship |
| 6:02 | Crear | Fishing Ship |
| 6:13 | Crear | Villager (Male) |
| 6:13 | Crear | Villager (Male) |
| 6:31 | Construir | House |
| 6:34 | Crear | Villager (Male) |
| 7:04 | Crear | Fishing Ship |
| 7:13 | Crear | Villager (Male) |
| 7:35 | Crear | Villager (Male) |
| 7:41 | Crear | Fishing Ship |
| 7:56 | Crear | Villager (Male) |
| 8:08 | Crear | Villager (Male) |
| 8:20 | Crear | Fishing Ship |
| 8:22 | Crear | Villager (Male) |
| 8:27 | Construir | House |
| 8:38 | Construir | House |
| 9:03 | Construir | House |
| 9:14 | Crear | Villager (Male) |
| 9:22 | Crear | Villager (Male) |
| 9:42 | Construir | Mining Camp |
| 9:51 | Crear | Villager (Male) |
| 10:07 | Investigar | Loom |
| 10:55 | Construir | House |
| 11:01 | Investigar | Feudal Age |
| 11:11 | Construir | Palisade Wall |
| 11:13 | Construir | Palisade Wall |
| 11:44 | Construir | Barracks |
| 12:13 | Crear | Villager (Male) |
| 13:11 | Edad | Edad Feudal |
| 13:15 | Construir | Stable |
| 13:21 | Construir | Blacksmith |
| 13:33 | Crear | Fishing Ship |
| 13:37 | Construir | Lumber Camp |
| 13:42 | Crear | Villager (Male) |
| 13:43 | Crear | Villager (Male) |
| 14:13 | Investigar | Castle Age |
| 14:13 | Investigar | Castle Age |
| 14:23 | Crear | Fishing Ship |
| 14:33 | Crear | Scout Cavalry |
| 14:37 | Construir | House |
| 14:40 | Construir | House |
| 15:09 | Crear | Villager (Male) |
| 15:13 | Crear | Scout Cavalry |
| 15:22 | Investigar | Double-Bit Axe |
| 15:28 | Crear | Galley |
| 15:55 | Construir | Dock |
| 15:58 | Crear | Scout Cavalry |
| 16:22 | Crear | Scout Cavalry |
| 16:40 | Crear | Fishing Ship |
| 16:53 | Edad | Edad de los Castillos |
| 17:01 | Crear | Knight |
| 17:04 | Crear | Villager (Male) |
| 17:10 | Construir | House |
| 17:11 | Construir | House |
| 17:18 | Construir | Town Center |
| 17:20 | Crear | Villager (Male) |
| 17:27 | Crear | Knight |
| 17:29 | Crear | Villager (Male) |
| 18:04 | Crear | Knight |
| 18:10 | Crear | Fishing Ship |
| 18:12 | Investigar | Tech 906 |
| 18:15 | Construir | House |
| 18:20 | Crear | Villager (Male) |
| 18:42 | Investigar | Bloodlines |
| 18:42 | Investigar | Bloodlines |
| 19:02 | Crear | Unit 2626 |
| 19:02 | Crear | Unit 2626 |
| 19:17 | Crear | Villager (Male) |
| 19:29 | Crear | Knight |
| 19:41 | Crear | Villager (Male) |
| 20:06 | Crear | Villager (Male) |
| 20:06 | Crear | Villager (Male) |
| 20:06 | Crear | Villager (Male) |
| 20:13 | Construir | Mill |
| 20:22 | Construir | Archery Range |
| 20:24 | Crear | Villager (Male) |
| 20:25 | Crear | Villager (Male) |
| 20:35 | Crear | Unit 2626 |
| 20:35 | Crear | Unit 2626 |
| 20:39 | Crear | Villager (Male) |
| 21:00 | Construir | Archery Range |
| 21:01 | Investigar | Fletching |
| 21:07 | Crear | Villager (Male) |
| 21:07 | Crear | Villager (Male) |
| 21:08 | Crear | Villager (Male) |
| 21:24 | Crear | Cavalry Archer |
| 21:42 | Construir | House |
| 21:46 | Construir | House |
| 21:49 | Construir | Palisade Wall |
| 21:57 | Crear | Villager (Male) |
| 22:09 | Construir | Town Center |
| 22:26 | Crear | Cavalry Archer |
| 22:26 | Crear | Cavalry Archer |
| 22:27 | Crear | Villager (Male) |
| 22:27 | Crear | Villager (Male) |
| 22:27 | Crear | Villager (Male) |
| 22:27 | Crear | Villager (Male) |
| 23:17 | Investigar | Bodkin Arrow |
| 23:17 | Investigar | Bodkin Arrow |
| 23:29 | Investigar | Gold Mining |
| 23:29 | Investigar | Gold Mining |
| 23:30 | Crear | Villager (Male) |
| 23:40 | Crear | Cavalry Archer |
| 23:40 | Crear | Cavalry Archer |
| 23:43 | Construir | Archery Range |
| 24:05 | Crear | Cavalry Archer |
| 24:05 | Crear | Cavalry Archer |
| 24:05 | Crear | Cavalry Archer |
| 24:16 | Investigar | Padded Archer Armor |
| 24:16 | Investigar | Padded Archer Armor |
| 24:25 | Crear | Cavalry Archer |
| 24:26 | Crear | Cavalry Archer |
| 24:26 | Crear | Cavalry Archer |
| 24:33 | Construir | University |
| 24:43 | Crear | Villager (Male) |
| 24:43 | Crear | Villager (Male) |
| 25:12 | Crear | Cavalry Archer |
| 25:12 | Crear | Cavalry Archer |
| 25:15 | Crear | Villager (Male) |
| 25:15 | Crear | Villager (Male) |
| 25:15 | Crear | Villager (Male) |
| 25:15 | Crear | Villager (Male) |
| 25:30 | Construir | Mining Camp |
| 25:36 | Crear | Villager (Male) |
| 25:36 | Crear | Villager (Male) |
| 25:50 | Construir | Dock |
| 25:55 | Crear | Villager (Male) |
| 25:55 | Crear | Villager (Male) |
| 26:00 | Construir | Mining Camp |
| 26:07 | Crear | Cavalry Archer |
| 26:11 | Construir | House |
Build order — AOKI_WALLY
Primeras 150 de 275 acciones detectadas
| 0:40 | Construir | Town Center |
| 2:06 | Construir | House |
| 2:11 | Construir | Dock |
| 2:51 | Crear | Villager (Male) |
| 2:51 | Crear | Villager (Male) |
| 2:51 | Crear | Villager (Male) |
| 2:52 | Crear | Villager (Male) |
| 4:12 | Construir | House |
| 4:31 | Crear | Villager (Male) |
| 4:57 | Crear | Villager (Male) |
| 5:15 | Crear | Fishing Ship |
| 5:17 | Investigar | Loom |
| 5:38 | Crear | Villager (Male) |
| 5:52 | Crear | Villager (Male) |
| 6:08 | Crear | Fishing Ship |
| 6:21 | Crear | Villager (Male) |
| 6:33 | Construir | House |
| 6:36 | Crear | Villager (Male) |
| 7:02 | Crear | Villager (Male) |
| 7:04 | Crear | Fishing Ship |
| 7:31 | Crear | Villager (Male) |
| 7:49 | Crear | Fishing Ship |
| 7:56 | Construir | House |
| 8:01 | Crear | Villager (Male) |
| 8:22 | Crear | Fishing Ship |
| 8:25 | Crear | Villager (Male) |
| 8:46 | Crear | Villager (Male) |
| 9:04 | Construir | House |
| 9:07 | Crear | Fishing Ship |
| 9:18 | Crear | Villager (Male) |
| 9:32 | Construir | Lumber Camp |
| 9:35 | Crear | Villager (Male) |
| 9:51 | Crear | Fishing Ship |
| 9:59 | Construir | House |
| 10:01 | Construir | Palisade Wall |
| 10:08 | Crear | Villager (Male) |
| 10:23 | Crear | Fishing Ship |
| 10:43 | Crear | Villager (Male) |
| 10:47 | Construir | Mining Camp |
| 11:03 | Construir | House |
| 11:41 | Construir | Barracks |
| 11:43 | Investigar | Feudal Age |
| 12:07 | Construir | House |
| 12:13 | Construir | House |
| 13:19 | Construir | Outpost |
| 13:28 | Construir | Outpost |
| 13:35 | Crear | Villager (Male) |
| 13:41 | Construir | Dock |
| 13:53 | Edad | Edad Feudal |
| 13:55 | Investigar | Double-Bit Axe |
| 14:09 | Construir | Archery Range |
| 14:15 | Crear | Villager (Male) |
| 14:33 | Construir | Watch Tower |
| 14:47 | Crear | Villager (Male) |
| 14:53 | Construir | Blacksmith |
| 15:20 | Crear | Villager (Male) |
| 15:42 | Construir | Archery Range |
| 16:00 | Investigar | Fletching |
| 17:13 | Investigar | Castle Age |
| 17:16 | Construir | Lumber Camp |
| 17:41 | Crear | Archer |
| 17:41 | Crear | Archer |
| 17:56 | Construir | Palisade Wall |
| 18:05 | Investigar | Town Watch |
| 18:18 | Crear | Archer |
| 18:18 | Crear | Archer |
| 19:53 | Edad | Edad de los Castillos |
| 20:26 | Construir | Town Center |
| 20:37 | Investigar | Town Patrol |
| 21:33 | Investigar | Crossbowman (upgrade) |
| 21:34 | Investigar | Bodkin Arrow |
| 21:51 | Crear | Villager (Male) |
| 22:04 | Crear | Villager (Male) |
| 22:05 | Crear | Villager (Male) |
| 22:05 | Crear | Villager (Male) |
| 22:42 | Construir | Mill |
| 22:46 | Crear | Villager (Male) |
| 23:10 | Investigar | Bow Saw |
| 23:29 | Construir | Dock |
| 23:38 | Crear | Villager (Male) |
| 23:41 | Crear | Villager (Male) |
| 23:54 | Construir | House |
| 23:56 | Construir | House |
| 23:56 | Construir | House |
| 24:25 | Crear | Villager (Male) |
| 24:33 | Crear | Fishing Ship |
| 24:33 | Crear | Fishing Ship |
| 24:34 | Crear | Fishing Ship |
| 24:56 | Construir | Lumber Camp |
| 25:14 | Crear | Villager (Male) |
| 25:32 | Crear | Villager (Male) |
| 25:44 | Construir | Mining Camp |
| 26:29 | Construir | University |
| 26:57 | Crear | Villager (Male) |
| 26:58 | Crear | Villager (Male) |
| 27:06 | Construir | Market |
| 27:16 | Investigar | Wheelbarrow |
| 27:52 | Construir | House |
| 28:10 | Crear | Villager (Male) |
| 28:28 | Crear | Villager (Male) |
| 28:34 | Construir | Archery Range |
| 28:38 | Construir | Archery Range |
| 28:47 | Construir | Archery Range |
| 28:49 | Construir | Archery Range |
| 29:01 | Construir | Town Center |
| 29:15 | Crear | Villager (Male) |
| 29:16 | Crear | Villager (Male) |
| 29:35 | Crear | Villager (Male) |
| 29:55 | Investigar | Hand Cart |
| 30:09 | Construir | Dock |
| 30:16 | Crear | Fishing Ship |
| 30:17 | Crear | Villager (Male) |
| 30:17 | Crear | Villager (Male) |
| 31:20 | Construir | Siege Workshop |
| 31:28 | Crear | Villager (Male) |
| 31:29 | Crear | Villager (Male) |
| 31:57 | Investigar | Gold Mining |
| 32:17 | Investigar | Imperial Age |
| 32:27 | Investigar | Ballistics |
| 32:34 | Crear | Archer |
| 32:34 | Crear | Archer |
| 32:34 | Crear | Archer |
| 32:34 | Crear | Archer |
| 32:35 | Crear | Archer |
| 32:38 | Construir | House |
| 32:39 | Construir | House |
| 32:41 | Construir | House |
| 32:57 | Construir | Town Center |
| 33:03 | Crear | Villager (Male) |
| 33:04 | Crear | Villager (Male) |
| 33:06 | Crear | Archer |
| 33:06 | Crear | Archer |
| 33:07 | Crear | Archer |
| 33:07 | Crear | Archer |
| 33:07 | Crear | Archer |
| 33:07 | Crear | Archer |
| 33:19 | Investigar | Padded Archer Armor |
| 33:47 | Construir | Farm |
| 33:49 | Construir | Farm |
| 33:51 | Construir | Farm |
| 33:55 | Construir | Farm |
| 33:59 | Construir | Farm |
| 34:01 | Investigar | Horse Collar |
| 34:06 | Crear | Villager (Male) |
| 34:06 | Crear | Villager (Male) |
| 34:07 | Crear | Villager (Male) |
| 34:40 | Construir | Siege Workshop |
| 34:43 | Crear | Archer |
| 34:43 | Crear | Archer |
| 34:43 | Crear | Archer |
Cronología de la partida
| 0:20 | AOKI_Baobab · first_building Dock |
| 0:40 | AOKI_Yo · first_building Dock |
| 0:49 | Pinheads | ElQueManejaLaCombi · first_building Dock |
| 0:56 | Pinheads | peke · first_building Dock |
| 1:37 | Pinheads | peke · wall_segment Palisade Wall x1 |
| 1:38 | Pinheads | peke · wall_segment Palisade Wall x1 |
| 1:40 | Pinheads | peke · wall_segment Palisade Wall x1 |
| 1:54 | AOKI_Baobab · wall_segment Palisade Wall x1 |
| 1:58 | AOKI_Baobab · wall_segment Palisade Wall x2 |
| 2:11 | AOKI_WALLY · first_building Dock |
| 3:31 | Pinheads | peke · wall_segment Palisade Wall x1 |
| 4:41 | Pinheads | Knolte · first_building Dock |
| 7:51 | Pinheads | ElQueManejaLaCombi · first_building Barracks |
| 8:42 | Pinheads | peke · wall_segment Palisade Wall x1 |
| 8:45 | Pinheads | peke · wall_segment Palisade Wall x1 |
| 8:51 | Pinheads | peke · wall_segment Palisade Wall x1 |
| 8:57 | Pinheads | peke · wall_segment Palisade Wall x1 |
| 10:01 | AOKI_WALLY · wall_segment Palisade Wall x7 |
| 11:11 | AOKI_Yo · wall_segment Palisade Wall x2 |
| 11:13 | AOKI_Yo · wall_segment Palisade Wall x1 |
| 11:41 | AOKI_WALLY · first_building Barracks |
| 11:44 | AOKI_Yo · first_building Barracks |
| 11:49 | Pinheads | Knolte · first_building Barracks |
| 12:20 | Pinheads | Knolte · wall_segment Palisade Wall x9 |
| 12:23 | Pinheads | Knolte · wall_segment Palisade Wall x6 |
| 12:24 | Pinheads | Knolte · wall_segment Palisade Wall x4 |
| 12:33 | Pinheads | peke · wall_segment Palisade Wall x1 |
| 12:34 | Pinheads | peke · wall_segment Palisade Wall x1 |
| 12:34 | AOKI_Baobab · age_up feudal |
| 12:36 | Pinheads | peke · wall_segment Palisade Wall x1 |
| 12:53 | Pinheads | Knolte · age_up feudal |
| 12:55 | Pinheads | Knolte · first_building Archery Range |
| 13:11 | AOKI_Yo · age_up feudal |
| 13:15 | AOKI_Yo · first_building Stable |
| 13:23 | Pinheads | peke · age_up feudal |
| 13:53 | AOKI_WALLY · age_up feudal |
| 14:09 | AOKI_WALLY · first_building Archery Range |
| 15:25 | Pinheads | ElQueManejaLaCombi · age_up feudal |
| 16:33 | Pinheads | ElQueManejaLaCombi · first_market_buy 100 food |
| 16:35 | Pinheads | ElQueManejaLaCombi · first_market_sell 100 stone |
| 16:53 | AOKI_Yo · age_up castle |
| 17:56 | AOKI_WALLY · wall_segment Palisade Wall x7 |
| 18:23 | Pinheads | peke · age_up castle |
| 18:26 | Pinheads | peke · first_building Castle |
| 19:12 | Pinheads | ElQueManejaLaCombi · wall_segment Palisade Wall x1 |
| 19:32 | Pinheads | ElQueManejaLaCombi · wall_segment Palisade Wall x1 |
| 19:44 | Pinheads | ElQueManejaLaCombi · age_up castle |
| 19:48 | AOKI_Baobab · first_market_buy 100 wood |
| 19:53 | AOKI_WALLY · age_up castle |
| 20:08 | AOKI_Baobab · tribute_sent a jugador 1 |
| 20:08 | AOKI_Baobab · tribute_sent a jugador 3 |
| 20:08 | AOKI_Baobab · tribute_sent a jugador 4 |
| 20:08 | AOKI_Baobab · tribute_sent a jugador 5 |
| 20:08 | AOKI_Baobab · tribute_sent a jugador 6 |
| 20:22 | AOKI_Yo · first_building Archery Range |
| 20:23 | AOKI_Baobab · tribute_sent a jugador 1 |
| 20:23 | AOKI_Baobab · tribute_sent a jugador 3 |
| 20:23 | AOKI_Baobab · tribute_sent a jugador 4 |
| 20:23 | AOKI_Baobab · tribute_sent a jugador 5 |
| 20:23 | AOKI_Baobab · tribute_sent a jugador 6 |
| 20:30 | Pinheads | Knolte · wall_segment Palisade Wall x1 |
| 20:39 | AOKI_Baobab · age_up castle |
| 21:03 | Pinheads | peke · first_market_sell 100 wood |
| 21:49 | AOKI_Yo · wall_segment Palisade Wall x1 |
| 23:18 | Pinheads | peke · first_market_buy 100 stone |
| 24:01 | AOKI_Baobab · first_building Castle |
| 24:52 | Pinheads | ElQueManejaLaCombi · first_building Siege Workshop |
| 26:24 | AOKI_Yo · first_building Siege Workshop |
| 26:34 | AOKI_Yo · wall_segment Palisade Wall x1 |
| 26:56 | Pinheads | Knolte · wall_segment Palisade Wall x6 |
| 27:28 | AOKI_Baobab · first_market_sell 100 stone |
| 27:43 | Pinheads | Knolte · wall_segment Palisade Wall x1 |
| 27:55 | AOKI_Yo · wall_segment Palisade Wall x1 |
| 28:06 | Pinheads | Knolte · wall_segment Palisade Wall x4 |
| 28:36 | Pinheads | Knolte · first_market_sell 100 food |
| 28:42 | AOKI_Baobab · first_building Barracks |
| 28:49 | Pinheads | peke · first_building Barracks |
| 29:11 | Pinheads | Knolte · wall_segment Palisade Wall x1 |
| 29:13 | Pinheads | Knolte · age_up castle |
| 29:42 | Pinheads | Knolte · wall_segment Palisade Wall x1 |
| 29:48 | Pinheads | peke · first_building Archery Range |
| 29:56 | AOKI_Baobab · first_building Stable |
| 30:42 | AOKI_WALLY · first_market_sell 100 food |
| 31:20 | AOKI_WALLY · first_building Siege Workshop |
| 31:31 | AOKI_Yo · first_market_buy 100 wood |
| 31:58 | AOKI_Yo · first_building Castle |
| 32:07 | Pinheads | Knolte · first_building Monastery |
| 33:45 | Pinheads | peke · first_building Stable |
| 34:03 | Pinheads | peke · wall_segment Palisade Wall x1 |
| 34:18 | Pinheads | Knolte · first_market_buy 100 stone |
| 34:23 | Pinheads | Knolte · wall_segment Stone Wall x1 |
| 35:27 | AOKI_WALLY · age_up imperial |
| 35:51 | Pinheads | Knolte · age_up imperial |
| 36:16 | AOKI_WALLY · first_market_buy 100 food |
| 39:43 | AOKI_Baobab · age_up imperial |
| 42:00 | Pinheads | ElQueManejaLaCombi · wall_segment Palisade Wall x1 |
| 42:39 | Pinheads | Knolte · resign |
[ ANÁLISIS IA · 1 CRÉDITO ]
¿Qué pasó realmente en esta partida?
Wolo.gg analiza cada decisión: build order, eco, micro, errores típicos por bracket. Análisis personalizado por WhatsApp o Discord en 30 segundos.
Guía civ
Hunos
Perfil
Pinheads | Knolte